 Dungeon Crawl Stone Soup version 0.28-a0-983-g1de4e0787c (webtiles) character file.

Game seed: 7143996175209838441

90 Decritt the Grave Robber (level 4, -14/32 HPs)
             Began as a Gnoll Necromancer on Dec 3, 2021.
             Demolished by Menkaure (20 damage)
             ... on level 4 of the Dungeon.
             The game lasted 00:10:04 (2798 turns).

Decritt the Grave Robber (Gnoll Necromancer)        Turns: 2798, Time: 00:10:05

Health: -14/32     AC:  7    Str:  9    XL:     4   Next: 56%
Magic:  11/11      EV: 12    Int: 15    God:
Gold:   49         SH:  0    Dex: 12    Spells: 8/13 levels left

rFire   . . .      SeeInvis .   d - +0 short sword (speed)
rCold   . . .      Faith    .   (no shield)
rNeg    . . .      Spirit   .   k - +0 leather armour
rPois   .          Reflect  .   (no helmet)
rElec   .          Harm     .   (no cloak)
rCorr   .          Rampage  .   (no gloves)
Will    .....                   (no boots)
Stlth   ++........              (no amulet)
HPRegen 0.10/turn               l - +4 ring of protection
MPRegen 0.12/turn               (no ring)

@: no status effects
A: fangs 1, strong nose, distributed training
a: no special abilities


You were on level 4 of the Dungeon.
You visited 1 branch of the dungeon, and saw 4 of its levels.

You collected 49 gold pieces.

Inventory:

Hand Weapons
 b - a +0 dagger
 d - a +0 short sword of speed (weapon)
Armour
 a - a +0 robe
 k - a +0 leather armour (worn)
Jewellery
 l - a +4 ring of protection (left hand)
Wands
 r - a wand of flame (29)
Scrolls
 i - 2 scrolls of identify {unknown}
 j - a scroll of magic mapping {unknown}
 o - a scroll of fear {unknown}
 p - a scroll of vulnerability {unknown}
 q - a scroll of summoning {unknown}
 s - a scroll of holy word {unknown}
 t - a scroll of teleportation {unknown}
Potions
 c - a potion of resistance {unknown}
 e - a potion of haste {unknown}
 f - a potion of degeneration {unknown}
 g - a potion of attraction {unknown}
 h - 2 potions of curing {unknown}
 m - a potion of lignification {unknown}
 n - a potion of brilliance {unknown}


   Skills:
 + Level 1.2 Fighting
 + Level 1.2 Short Blades
 + Level 1.2 Long Blades
 + Level 1.2 Axes
 + Level 1.2 Maces & Flails
 + Level 1.2 Polearms
 + Level 1.2 Staves
 + Level 1.2 Slings
 + Level 1.2 Bows
 + Level 1.2 Crossbows
 + Level 1.2 Throwing
 + Level 1.2 Armour
 + Level 4.6 Dodging
 + Level 4.3 Stealth
 + Level 1.2 Shields
 + Level 1.2 Unarmed Combat
 + Level 5.1 Spellcasting
 + Level 1.0 Conjurations
 + Level 1.0 Hexes
 + Level 1.0 Summonings
 + Level 7.1 Necromancy
 + Level 1.0 Translocations
 + Level 1.0 Transmutations
 + Level 1.0 Fire Magic
 + Level 1.0 Ice Magic
 + Level 1.0 Air Magic
 + Level 1.0 Earth Magic
 + Level 1.0 Poison Magic
 + Level 1.3 Invocations
 + Level 1.2 Evocations


You had 8 spell levels left.
You knew the following spells:

 Your Spells              Type           Power      Damage    Failure   Level
a - Pain                  Necr           100%       1d9       1%          1
b - Animate Skeleton      Necr           50%        N/A       1%          1
c - Vampiric Draining     Necr           25%        2d7       3%          3

Your spell library contained the following spells:

 Spells                   Type           Power      Damage    Failure   Level
 Animate Dead             Necr           12%        N/A       12%         4
 Slow                     Hex            24%        N/A       14%         1
 Summon Small Mammal      Summ           24%        N/A       14%         1
 Agony                    Necr           25%        N/A       32%         5
 Call Canine Familiar     Summ           6%         N/A       41%         3
 Confusing Touch          Hex            6%         N/A       41%         3
 Summon Guardian Golem    Hex/Summ       6%         N/A       41%         3
 Yara's Violent Unravell  Hex/Tmut       3%         3d4       99%         5


Dungeon Overview and Level Annotations

Branches:
Dungeon (4/15)
 Temple: D:4-7

Altars:
Dithmenos
Nemelex Xobeh

Shops:
D:1 [=   D:2 ?

Annotations:
D:4 Menkaure


Innate Abilities, Weirdness & Mutations

You have very sharp teeth.
Your uncanny sense of smell can sniff out nearby items.
Your experience applies equally to all skills.


Message History

Menkaure shouts!
Casting: Pain (safe; 1% risk of failure)
Confirm with . or Enter, or press ? or * to list all spells.
You can't see any susceptible monsters within range! (Use Z to cast anyway.) Menkaure calls on the powers of darkness!
Your body is wracked with pain!
* * * LOW HITPOINT WARNING * * *
Casting: Pain (safe; 1% risk of failure)
Confirm with . or Enter, or press ? or * to list all spells.
You can't see any susceptible monsters within range! (Use Z to cast anyway.) Menkaure points at you and mumbles some strange words.
Pain shoots through your body!
* * * LOW HITPOINT WARNING * * *
Casting: Pain (safe; 1% risk of failure)
Confirm with . or Enter, or press ? or * to list all spells.
You can't see any susceptible monsters within range! (Use Z to cast anyway.)
A goblin comes into view. It is wielding a +0 club.
Casting: Pain (safe; 1% risk of failure)
Confirm with . or Enter, or press ? or * to list all spells.
There is nothing nearby to animate!
Casting: Animate Skeleton (safe; 1% risk of failure)
Confirm with . or Enter, or press ? or * to list all spells.
You can't see any susceptible monsters within range! (Use Z to cast anyway.) Menkaure casts a spell at you.
Pain shoots through your body!
* * * LOW HITPOINT WARNING * * *
A hobgoblin comes into view.
There is a stone staircase leading up here.
You start resting.
Menkaure is nearby!
You hit Menkaure.
Menkaure is lightly damaged.
You hit Menkaure but do no damage.
Menkaure is lightly damaged.
Menkaure closely misses you.
You hit Menkaure but do no damage.
Menkaure is lightly damaged.
Menkaure hits you!!
Ouch! That really hurt!
You die...

########### ##############
..........###.............
#..............##.....
####.#.###.#.####.##.####
#...†..# #...# #.##.#
#.##.#.###...# #.##.# #
#.#.<@M...# ......∆
........[[.....# ######
#########.##.....#
#.###..### ... g..# ##...
..# ####.#.# ..


You could see Menkaure.

Vanquished Creatures
  A hound (D:2)
  A worm (D:2)
  7 ball pythons
  8 endoplasms
  3 giant cockroaches
  3 goblins (D:1)
  6 hobgoblins
  6 jackals
  A quokka (D:4)
  2 bats
  A frilled lizard (D:3)
  7 kobolds
  4 rats
50 creatures vanquished.

Vanquished Creatures (collateral kills)
  A rat (D:1)
1 creature vanquished.

Grand Total: 51 creatures vanquished

Notes
Turn   | Place    | Note
-------+----------+-------------------------------------------
     0 | D:1      | Decritt the Gnoll Necromancer began the quest for the Orb.
     0 | D:1      | Reached XP level 1. HP: 13/13 MP: 6/6
   196 | D:1      | Reached XP level 2. HP: 17/19 MP: 4/7
   462 | D:1      | Learned a level 1 spell: Animate Skeleton
   520 | D:1      | Found Giniac's Antique Armour Shoppe.
   640 | D:1      | Reached XP level 3. HP: 19/25 MP: 2/9
   786 | D:1      | Reached skill level 5 in Spellcasting
   866 | D:1      | Found Tudghes's Jewellery Shop.
  1009 | D:2      | Found Vauwytiul's Magic Scroll Shop.
  1045 | D:2      | Reached skill level 1 in Invocations
  1446 | D:2      | Learned a level 3 spell: Vampiric Draining
  1647 | D:2      | Found a faded altar of an unknown god.
  1704 | D:2      | Reached skill level 1 in Fighting
  1704 | D:2      | Reached skill level 1 in Short Blades
  1704 | D:2      | Reached skill level 1 in Long Blades
  1704 | D:2      | Reached skill level 1 in Axes
  1704 | D:2      | Reached skill level 1 in Maces & Flails
  1704 | D:2      | Reached skill level 1 in Polearms
  1704 | D:2      | Reached skill level 1 in Staves
  1704 | D:2      | Reached skill level 1 in Slings
  1704 | D:2      | Reached skill level 1 in Bows
  1704 | D:2      | Reached skill level 1 in Crossbows
  1704 | D:2      | Reached skill level 1 in Throwing
  1704 | D:2      | Reached skill level 1 in Armour
  1704 | D:2      | Reached skill level 1 in Shields
  1704 | D:2      | Reached skill level 1 in Unarmed Combat
  1704 | D:2      | Reached skill level 1 in Evocations
  1704 | D:2      | Reached XP level 4. HP: 32/32 MP: 3/11
  2115 | D:3      | Found a shadowy altar of Dithmenos.
  2173 | D:3      | Found a sparkling altar of Nemelex Xobeh.
  2734 | D:4      | Reached skill level 1 in Conjurations
  2734 | D:4      | Reached skill level 1 in Hexes
  2734 | D:4      | Reached skill level 1 in Summonings
  2734 | D:4      | Reached skill level 1 in Translocations
  2734 | D:4      | Reached skill level 1 in Transmutations
  2734 | D:4      | Reached skill level 1 in Fire Magic
  2734 | D:4      | Reached skill level 1 in Ice Magic
  2734 | D:4      | Reached skill level 1 in Air Magic
  2734 | D:4      | Reached skill level 1 in Earth Magic
  2734 | D:4      | Reached skill level 1 in Poison Magic
  2770 | D:4      | Noticed Menkaure
  2798 | D:4      | Demolished by Menkaure

Illustrated notes

Levels and vault maps discovered:
D:1:      wander_arrival_fairy_ring, layout_rooms, serial_shops, shop,
          nicolae_shop_overgrown_old_shop, hangedman_decor_points
D:2:      layout_basic, serial_shops, shop, nicolae_ecumenical_oubliette
D:3:      layout_basic, nicolae_dithmenos_the_darkroom,
          mainiacjoe_overflow_small_starburst
D:4:      layout_loops_ring, serial_shops, nicolae_shop_stone, uniq_menkaure

Skill      XL: |  1  2  3  4 |
---------------+-------------+-----
Spellcasting   | 5 |  5.1
Invocations    | 1 |  1.3
Fighting       | 1 |  1.2
Short Blades   | 1 |  1.2
Long Blades    | 1 |  1.2
Axes           | 1 |  1.2
Maces & Flails | 1 |  1.2
Polearms       | 1 |  1.2
Staves         | 1 |  1.2
Slings         | 1 |  1.2
Bows           | 1 |  1.2
Crossbows      | 1 |  1.2
Throwing       | 1 |  1.2
Armour         | 1 |  1.2
Shields        | 1 |  1.2
Unarmed Combat | 1 |  1.2
Evocations     | 1 |  1.2
Conjurations   | 1 |  1.0
Hexes          | 1 |  1.0
Summonings     | 1 |  1.0
Translocations | 1 |  1.0
Transmutations | 1 |  1.0
Fire Magic     | 1 |  1.0
Ice Magic      | 1 |  1.0
Air Magic      | 1 |  1.0
Earth Magic    | 1 |  1.0
Poison Magic   | 1 |  1.0
Dodging        | |  4.6
Stealth        | |  4.3
Necromancy     | |  7.1

Action                   |  1- 3 |  4- 6 || total
-------------------------+-------+-------++-------
Melee: Short sword       |    14 |     7 ||    21
 Cast: Pain              |    58 |    14 ||    72
       Animate Skeleton  |     7 |       ||     7
       Vampiric Draining |     2 |     1 ||     3
 Stab: Sleeping          |     2 |       ||     2
Armor: Robe              |     6 |       ||     6
       Leather armour    |       |     3 ||     3
Dodge: Dodged            |    36 |     5 ||    41

Table legend: (Time is in decaauts)
 A = Elapsed time spent in this place.
 B = Non-inter-level travel time spent in this place.
 C = Inter-level travel time spent in this place.
 D = Time resting spent in this place.
 E = Time spent auto-exploring this place.
 F = Levels seen in this place.
 G = Mean time per level.
                   A        B        C        D        E       F      G
               +--------+--------+--------+--------+--------+-----+--------+
         Total |   2789 |   2737 |     52 |    629 |   1688 |   4 |  697.2 |
       Dungeon |   2789 |   2737 |     52 |    629 |   1688 |   4 |  697.2 |
               +--------+--------+--------+--------+--------+-----+--------+

Top non-repeatable levels by time:
     D:2: 1166 daAuts
     D:1: 940 daAuts
     D:3: 616 daAuts
     D:4: 65 daAuts
